 Dungeon Crawl Stone Soup version 0.28.0 (webtiles) character file.

Game seed: 8127381268163095606

183 RascalDebosk the Conjurer (level 5, 0/40 HPs)
             Began as a Draconian Conjurer on Feb 6, 2022.
             Slain by an orc (3 damage)
             ... on level 3 of the Dungeon.
             The game lasted 00:38:01 (3903 turns).

RascalDebosk the Conjurer (Draconian Conjurer)      Turns: 3903, Time: 00:38:01

Health: 0/40       AC:  6    Str:  9    XL:     5   Next: 35%
Magic:  4/8        EV: 12    Int: 20    God:
Gold:   229        SH:  0    Dex: 10    Spells: 6/9 levels left

rFire   . . .      SeeInvis .   d - +0 spear
rCold   . . .      Faith    .   (no shield)
rNeg    . . .      Spirit   .   (armour unavailable)
rPois   .          Reflect  .   (helmet restricted)
rElec   .          Harm     .   f - +0 cloak
rCorr   .          Rampage  .   (no gloves)
Will    .....                   (no boots)
Stlth   ++........              (no amulet)
HPRegen 0.13/turn               (no ring)
MPRegen 0.11/turn               (no ring)

@: no status effects
A: AC +5, unfitting armour, cold-blooded
a: no special abilities


You were on level 3 of the Dungeon.
You visited 1 branch of the dungeon, and saw 3 of its levels.

You collected 229 gold pieces.

Inventory:

Hand Weapons
 b - a +0 short sword
 d - a +0 spear (weapon)
 g - a +1 whip of electrocution
Armour
 f - a +0 cloak (worn)
Magical Staves
 l - a staff of poison
Wands
 o - a wand of flame (8)
Scrolls
 c - 3 scrolls of identify {unknown}
 h - a scroll of blinking {unknown}
 i - a scroll of teleportation {unknown}
 k - a scroll of vulnerability {unknown}
 n - a scroll of enchant weapon {unknown}
Potions
 a - 2 potions of curing {unknown}
 e - a potion of berserk rage {unknown}
 j - 2 potions of degeneration {unknown}
 m - a potion of lignification {unknown}


   Skills:
 + Level 1.3 Fighting
 + Level 1.3 Staves
 + Level 2.3 Dodging
 + Level 2.4 Stealth
 + Level 2.5 Spellcasting
 * Level 4.6 Conjurations
 * Level 2.1 Hexes


You had 6 spell levels left.
You knew the following spells:

 Your Spells              Type           Power      Damage    Failure   Level
a - Magic Dart            Conj           84%        1d7       2%          1
b - Searing Ray           Conj           42%        2d6       3%          2

Your spell library contained the following spells:

 Spells                   Type           Power      Damage    Failure   Level
 Dazzling Flash           Conj/Hex       32%        N/A       11%         3
 Fulminant Prism          Conj/Hex       8%         3d7       36%         4
 Iskenderun's Mystic Bla  Conj/Tloc      11%        2d4       50%         4


Dungeon Overview and Level Annotations

Branches:
Dungeon (3/15)

Altars:

Shops:
D:2 [


Innate Abilities, Weirdness & Mutations

Your plain brown scales are hard. (AC +5)
You cannot fit into any form of body armour.
You are cold-blooded and may be slowed by cold attacks.


Message History

The magic dart hits the orc priest but does no damage.
The orc priest is heavily wounded.
Aiming: Magic Dart (safe; 2% risk of failure)
Press: ? - help, Q - select action, (/) - cycle Shift-Dir - straight line, f/p - orc priest
Aim: an orc priest, wielding a +0 mace and wearing a +0 ring mail (heavily wounded, 100% to hit)
The magic dart hits the orc priest but does no damage.
The orc priest is heavily wounded.
The orc priest calls upon Beogh to heal the orc.
The orc's wounds heal themselves!
The orc priest mumbles some strange prayers to Beogh against you.
Beogh smites you!
The orc priest miscasts a cantrip.
The orc priest mumbles some strange prayers to Beogh against you.
Pain shoots through your body!
You closely miss the orc priest.
The orc priest is heavily wounded.
The orc priest hits you with a +0 mace.
You hit the orc priest. You tail-slap the orc priest.
The orc priest is severely wounded.
The orc priest mumbles some strange prayers to Beogh against you.
Pain shoots through your body!
* * * LOW HITPOINT WARNING * * *
You closely miss the orc priest.
The orc priest is severely wounded.
The orc priest hits you but does no damage.
You hit the orc priest but do no damage.
The orc priest is severely wounded.
The orc priest barely misses you.
You hit the orc priest.
The orc priest is almost dead.
The orc priest barely misses you.
You closely miss the orc priest.
The orc priest is almost dead.
The orc priest hits you with a +0 mace.
* * * LOW HITPOINT WARNING * * *
You barely miss the orc. You hit the orc but do no damage.
The orc closely misses you.
You barely miss the orc. Your punch misses the orc.
The orc hits you with a +0 club.
You die...

####.#.# #.. ....... #..
.....##.#######.. #....
.......... #o..# .#######..
#####...##.# #..
........##.#######..
.##.#####...##..........
.......@oo..............
.##..####............... ...
.......†............ .
.#.#...........#....
#..>..........#.... ....#..
#.......#..##.#.... .......
....................
...#..###.#.......#..##.##.#.
......##.#..................


You could see an orc priest and an orc.

Vanquished Creatures
  Jessica (D:2)
  Natasha (D:2)
  An orc wizard (D:3)
  5 adders
  A worm (D:2)
  A dart slug (D:1)
  5 orcs (D:3)
  2 endoplasms
  6 giant cockroaches
  5 goblins
  6 hobgoblins
  2 jackals (D:3)
  3 quokkas
  4 ball pythons
  4 bats
  2 frilled lizards
  3 kobolds
  4 rats
56 creatures vanquished.

Vanquished Creatures (others)
  3 plants (D:2)
3 creatures vanquished.

Grand Total: 59 creatures vanquished

Notes
Turn   | Place    | Note
-------+----------+-------------------------------------------
     0 | D:1      | RascalDebosk the Draconian Conjurer began the quest for the
                  | Orb.
     0 | D:1      | Reached XP level 1. HP: 14/14 MP: 3/3
   814 | D:1      | Found a faded altar of an unknown god.
   969 | D:1      | Reached XP level 2. HP: 20/20 MP: 1/5
  1060 | D:1      | Learned a level 2 spell: Searing Ray
  1614 | D:2      | Noticed Jessica
  1621 | D:2      | Killed Jessica
  1622 | D:2      | Reached skill level 1 in Hexes
  1622 | D:2      | Reached XP level 3. HP: 26/27 MP: 0/6
  1686 | D:2      | Reached skill level 1 in Staves
  1692 | D:2      | Reached skill level 1 in Fighting
  1892 | D:2      | Reached XP level 4. HP: 35/35 MP: 2/7
  1963 | D:2      | Found Geenexieku's Armour Shoppe.
  2224 | D:2      | Noticed Natasha
  2335 | D:2      | Killed Natasha
  3120 | D:3      | Reached XP level 5. HP: 30/40 MP: 5/8
  3903 | D:3      | Slain by an orc

Illustrated notes

Levels and vault maps discovered:
D:1:      dpeg_arrival_refuge, layout_basic, basic_ecumenical_altar
D:2:      cheibrodos_old_hovel, layout_basic, serial_shops,
          nicolae_lakefront_shop, minmay_tromino_v2, uniq_natasha, uniq_jessica
D:3:      layout_basic, minmay_crystal_water

Skill      XL: |  1  2  3  4  5 |
---------------+----------------+-----
Dodging        | 2 |  2.3
Stealth        | 2 |  2.4
Hexes          | 1 2 |  2.1
Staves         | 1 |  1.3
Fighting       | 1 |  1.3
Spellcasting   | |  2.5
Conjurations   | |  4.6

Action                   |  1- 3 |  4- 6 || total
-------------------------+-------+-------++-------
Melee: Short sword       |     3 |       ||     3
       Tailslap          |     2 |     5 ||     7
       Spear             |     8 |    39 ||    47
 Cast: Magic Dart        |    42 |    55 ||    97
       Searing Ray       |     2 |     5 ||     7
Armor: Skin              |     3 |    14 ||    17
Dodge: Dodged            |     6 |    23 ||    29
